 Dungeon Crawl Stone Soup version 0.16-b1 (webtiles) character file.

924 kae the Basher (level 7, -4/57 HPs)
             Began as a Minotaur Fighter on Mar 5, 2015.
             Slain by an orc warrior
             ... wielding a +0 trident
              (9 damage)
             ... on level 9 of the Dungeon.
             The game lasted 00:07:15 (5257 turns).

kae the Basher (Minotaur Fighter)                   Turns: 5257, Time: 00:07:15

Health: -4/57      AC:  8    Str: 21    XL:     7   Next: 84%
Magic:  3/3        EV:  7    Int:  7    God:
Gold:   230        SH:  9    Dex:  9    Spells: 0 memorised, 6 levels left

rFire  . . .     SeeInvis .     C - +2 whip (freeze)
rCold  . . .     Clarity  .     b - +0 scale mail
rNeg   . . .     SustAb   .     c - +0 shield
rPois  .         Gourm    .     (helmet restricted)
rElec  .         Spirit   .     B - +0 cloak
rCorr  .         Warding  .     (no gloves)
rMut   .         Stasis   .     (no boots)
MR     .....                    (no amulet)
Stlth  ..........               (no ring)
                                (no ring)

@: very slightly contaminated, hasted, invisible, very quick, not resistant to
hostile enchantments, extremely unstealthy
A: retaliatory headbutt, horns 2
a: no special abilities


You were on level 9 of the Dungeon.
You were very hungry.

You visited 2 branches of the dungeon, and saw 8 of its levels.

You collected 230 gold pieces.

Inventory:

Hand weapons
 a - a +0 flail
 C - a +2 whip of freezing (weapon)
Armour
 b - a +0 scale mail (worn)
 c - a +0 shield (worn)
 B - a +0 cloak (worn)
Jewellery
 I - an uncursed ring of magical power {unknown}
Magical devices
 A - a wand of polymorph (18)
Scrolls
 g - 3 scrolls of teleportation {unknown}
 h - 6 scrolls of identify {unknown}
 i - 8 scrolls of remove curse {unknown}
 j - 2 scrolls of random uselessness {unknown}
 k - 2 scrolls of magic mapping {unknown}
 m - a scroll of fear {unknown}
 o - a scroll of amnesia {unknown}
 q - 3 scrolls of blinking {unknown}
 s - a scroll of recharging {unknown}
 u - a scroll of enchant weapon {unknown}
 y - a scroll of noise {unknown}
 z - 2 scrolls of fog {unknown}
Potions
 v - a potion of mutation {unknown}
 w - a potion of flight {unknown}
 x - a potion of poison {unknown}
 D - a potion of resistance {unknown}
 H - a potion of haste
Books
 F - Khufu's Guide on Stolen Souls
   (You found it on level 6 of the Dungeon)

   Spells                             Type                      Level
   a - Pain                           Necromancy                   1
   b - Corpse Rot                     Necromancy                   2
   c - Cigotuvi's Embrace             Necromancy                   5
   d - Dispel Undead                  Necromancy                   5
   e - Simulacrum                     Ice/Necromancy               6
Comestibles
 d - 3 bread rations
 n - 2 beef jerkies
 p - 7 fruits
 r - 3 slices of pizza
 G - a meat ration


   Skills:
 - Level 3.6 Fighting
 + Level 10.9 Maces & Flails
 - Level 3.6 Armour
 - Level 3.6 Shields


You had 6 spell levels left.
You didn't know any spells.

Dungeon Overview and Level Annotations

Branches:
Dungeon (9/15)             Temple (1/1) D:5            Lair (0/8) D:9
    Orc: D:9-12

Altars:
Cheibriados
Dithmenos
Elyvilon
Fedhas
Gozag
Kikubaaqudgha
Makhleb
Nemelex Xobeh
Ru
Sif Muna
Trog
Xom
Yredelemnul
Zin
The Shining One
Beogh

Shops:
D:2 *


Innate Abilities, Weirdness & Mutations

You reflexively headbutt those who attack you in melee.
You have a pair of horns on your head.


Message History

The orc warrior completely misses you. You block the orc warrior's attack.
Things that are here:
a morningstar; a chain mail You hit the orc warrior but do no damage.
Your headbutt misses the orc warrior.
You strike the helpless orc warrior from behind!
You hit the orc warrior. You freeze the orc warrior.
The orc warrior is lightly wounded.
Your shield prevents you from hitting the orc warrior.
The orc warrior is lightly wounded.
The orc warrior hits you with a trident!
* * * LOW HITPOINT WARNING * * *
Your shield and scale mail prevent you from hitting the orc warrior.
The orc warrior is lightly wounded.
You hit the orc warrior but do no damage.
You headbutt the orc warrior, but do no damage.
The orc warrior is lightly wounded.
The orc warrior hits you with a trident!
You die...

#....##..#............#...#
#....##..+............#....
#........#............#....
#........##############.
#........########
#........#......##...
#.....o..#.))o.......
#........[o##8'8#####
#........#@# ..o..8.
........#.# .......
........#.# ..⌠.._.
.......#### ...... ..###.
..?.. . #. #### #. .


You could see an orc warrior and an orc priest.

Vanquished Creatures
  A sky beast (D:5)
  A centaur (D:6)
  An orc warrior (D:9)
  2 ogres
  2 hounds
  2 jellies
  An orc priest (D:5)
  An iguana (D:5)
  An orc wizard (D:6)
  A quasit (D:6)
  A worker ant (D:4)
  Ijyb (D:2)
  A worker ant zombie (D:5)
  9 adders
  6 gnolls
  A shadow imp (D:5)
  3 worms
  An adder skeleton (D:5)
  A giant gecko (D:9)
  17 orcs
  2 ball pythons
  8 giant cockroaches
  19 goblins
  13 hobgoblins
  11 jackals
  10 kobolds
  11 bats
  3 giant newts
  5 quokkas
  13 rats
149 creatures vanquished.

Notes
Turn   | Place    | Note
--------------------------------------------------------------
     0 | D:1      | kae, the Minotaur Fighter, began the quest for the Orb.
     0 | D:1      | Reached XP level 1. HP: 19/19 MP: 1/1
    58 | D:1      | Reached XP level 2. HP: 24/26 MP: 1/1
   264 | D:1      | Reached skill level 4 in Maces & Flails
   453 | D:1      | Reached XP level 3. HP: 31/31 MP: 2/2
   611 | D:2      | Found Zin's Purification Station.
   612 | D:2      | Found a glowing silver altar of Zin.
   688 | D:2      | Noticed Ijyb
   713 | D:2      | Reached skill level 5 in Maces & Flails
   715 | D:2      | Killed Ijyb
   715 | D:2      | Reached XP level 4. HP: 16/39 MP: 2/2
  1425 | D:2      | Found a deep blue altar of Sif Muna.
  1610 | D:3      | Reached skill level 6 in Maces & Flails
  1735 | D:3      | Reached XP level 5. HP: 45/45 MP: 2/2
  1872 | D:3      | Reached skill level 7 in Maces & Flails
  2422 | D:4      | Reached XP level 6. HP: 51/51 MP: 3/3
  2938 | D:4      | Reached skill level 8 in Maces & Flails
  3472 | D:5      | Entered Level 5 of the Dungeon
  3509 | D:5      | Reached skill level 9 in Maces & Flails
  3573 | D:5      | Reached XP level 7. HP: 35/57 MP: 3/3
  3783 | D:5      | Found a staircase to the Ecumenical Temple.
  3807 | Temple   | Entered the Ecumenical Temple
  4708 | D:5      | Found a shadowy altar of Dithmenos.
  4869 | D:6      | Identified Khufu's Guide on Stolen Souls
  4910 | D:6      | Reached skill level 10 in Maces & Flails
  5065 | D:6      | You fall through a shaft for 3 floors!
  5073 | D:9      | Found a staircase to the Lair.
  5137 | D:9      | Found a roughly hewn altar of Beogh.
  5257 | D:9      | Slain by an orc warrior

Action                   |  1- 3 |  4- 6 |  7- 9 || total
-------------------------+-------+-------+-------++-------
Melee: Flail             |    86 |   152 |       ||   238
       Whip              |       |    76 |   114 ||   190
  Use: Potion            |     2 |       |     7 ||     9
 Stab: Invisible         |       |       |     1 ||     1
  Eat: Chunk             |       |     9 |     4 ||    13
